Unix NetHack Version 5.0.0-0 post-release - last build May  4 2026 22:22:43 (774f63e81ad911689b3a0859ea89b322d5daca8d,branch:main).

Game began 2026-05-09 00:14:54, ended 2026-05-09 00:49:03.

Drastanta, chaotic male elven Wizard

                                                                       -------
                                                -.------------    #####......|
          -----------                           |..<........(.#####    |.....|
          |.........|                          #..........[..|         |.....|
          |.........|                        ###----.---------         |....`|
          |.........|                        #                         ----.--
          |.........|                        #                             #
          |..........#############           #                             #
          |.........|#  #     ---.--------   #                         #####
          ---|-------#  ######|.....|....-####              ############
             ########0       #|..........|                --.-------------
                             #...........|                |..............|
                              |..........|                |...........$..|
                              |.......(..|                |.....@........|
                              ------------                |..............|
                                                          ----------------

Drastanta the Conjurer    St:8 Dx:14 Co:14 In:19 Wi:10 Ch:11  Chaotic
Dlvl:6  $:95 HP:0(24) Pw:28(37) AC:9  Xp:4 T:2447 

Latest messages:
 The housecat starts to attack you, but pulls back.
 The housecat starts to attack you, but pulls back.
 You finish your prayer.
 You feel that Anhur is well-pleased.
 You feel much better.
 In what direction? 6
 The spell misses the housecat.
 The housecat bites!
 In what direction? 6
 The spell hits the housecat!
 You kill the housecat!
 You find a hidden door.
 The door resists!
 The door resists!
 The door resists!
 In what direction? 6
 Thwack!!
 In what direction? 6
 Whammm!!
 In what direction? 6
 Whammm!!
 In what direction? 6
 Whammm!!
 In what direction? 6
 As you kick the door, it crashes open!
 There's some graffiti on the floor here.
 You read: "Does you? boss knov what vou' c coirg right now?"
 The yellow light explodes!
 You are blinded by a blast of light!
 You try to feel what is lying here on the floor.
 You feel here a fortune cookie.
 E - a fortune cookie.
 It suddenly drops from the ceiling!
 You are almost hit by it!
 Wait!  There's something there you can't see!
 You miss it.
 What do you want to read? [hjkp-ruyBD or ?*] <esc>
 Never mind.
 In what direction? .
 You feel better.
 You feel an unseen monster!
 It hits!
 It hits!
 You can see again.
 You already found a monster.  Use 'm' prefix to force another search.
 You destroy the gnome zombie!
 A rock piercer suddenly drops from the ceiling!
 You are hit by a falling rock piercer!
 You die...
 Do you want your possessions identified? [ynq] (y) q

Inventory:
 Coins    ('$')
  $ - 95 gold pieces
 Weapons  (')')
  x - a +0 silver dagger
  a - a blessed +1 quarterstaff (weapon in hands)
 Armor    ('[')
  b - an uncursed +0 cloak of magic resistance (being worn)
 Comestibles  ('%')
  o - 2 uncursed food rations
  E - an uncursed fortune cookie
 Scrolls  ('?')
  y - 2 uncursed scrolls of blank paper
  D - an uncursed scroll of confuse monster
  B - an uncursed scroll of earth
  u - an uncursed scroll of gold detection
  h - an uncursed scroll of light
  p - a cursed scroll of taming
  r - an uncursed scroll of teleportation
 Spellbooks  ('+')
  j - a blessed spellbook of force bolt
  q - an uncursed spellbook of healing
  k - an uncursed spellbook of protection
 Potions  ('!')
  g - 2 uncursed potions of fruit juice
  w - an uncursed potion of healing
  f - a potion of holy water
 Rings    ('=')
  e - an uncursed +2 ring of adornment (on left hand)
  C - an uncursed ring of fire resistance
  t - a cursed ring of teleport control
  d - an uncursed ring of warning (on right hand)
 Wands    ('/')
  z - a wand of digging (0:6)
  s - a wand of digging (0:4)
  c - a wand of slow monster (0:5)
 Tools    ('(')
  n - an uncursed wooden harp
  m - an uncursed blindfold
  l - a magic marker (0:21)

Drastanta the Wizard's attributes:

Background:
 You were a Conjurer, a level 4 male elven Wizard.
 You were chaotic, on a mission for Anhur
 who was opposed by Ptah (lawful) and Thoth (neutral).
 You were left-handed.
 You were in the Dungeons of Doom, on level 6.
 You entered the dungeon 2447 turns ago.
 It was the midnight hour.
 You had 152 experience points, 8 more were needed to attain level 5.

Basics:
 You had 0 out of 24 hit points.
 You had 28 out of 37 energy points (spell power).
 Your armor class was 9.
 Your wallet contained 95 zorkmids.
 Autopickup was off.

Final Characteristics:
 Your strength was 8 (peak:10, limit:18).
 Your dexterity was 14 (limit:18).
 Your constitution was 14 (limit:16).
 Your intelligence was 19 (limit:20).
 Your wisdom was 10 (limit:20).
 Your charisma was 11 (base:9, limit:18).

Final Status:
 You weren't hungry.
 You were unencumbered.
 You were wielding a quarterstaff.
 You had basic skill with quarterstaff.

Final Attributes:
 You were piously aligned.
 You were magic-protected.
 You were sleep resistant.
 You were warned.
 You had infravision.
 You were more charismatic.
 You were warded.
 You are dead.

Miscellaneous:
 You didn't encounter any bones levels.
 Total elapsed playing time was 34 minutes and 8 seconds.

Major events:
 Turn
    1: Drastanta the chaotic male elven Wizard entered the dungeon
  989: entered the Gnomish Mines
 1201: attained the rank of Conjurer (level 3)
 2447: killed by a rock piercer

Spells:
 Name                 Level Category     Fail Retention
 force bolt             1   attack         0%   81%-90%
 protection             1   clerical       0%  76%-100%
 healing                1   healing        0%  76%-100%

Skills:
 Fighting Skills
   bare handed combat [Unskilled]
   riding             [Unskilled]
 Weapon Skills
   dagger             [Unskilled]
   knife              [Unskilled]
   axe                [Unskilled]
   short sword        [Unskilled]
   club               [Unskilled]
   mace               [Unskilled]
   quarterstaff       [Basic]
   polearms           [Unskilled]
   spear              [Unskilled]
   trident            [Unskilled]
   sling              [Unskilled]
   dart               [Unskilled]
   shuriken           [Unskilled]
 Spellcasting Skills
   attack spells      [Basic]
   healing spells     [Unskilled]
   divination spells  [Unskilled]
   enchantment spells [Basic]
   clerical spells    [Unskilled]
   escape spells      [Unskilled]
   matter spells      [Unskilled]

Voluntary challenges:
 Character rerolling was not enabled.
 You never genocided any monsters.
 You never polymorphed an object.
 You never changed form.
 You used no wishes.
Achievements:
 You entered a shop.
 You entered the Gnomish Mines.
 You attained the rank of Conjurer.

 The Dungeons of Doom: levels 1 to 6
    Level 1:
       Many fountains.
    Level 2:
       An altar, a sink.
    Level 3:
       An armor shop, some fountains.
       Stairs down to The Gnomish Mines.
    Level 4:
       Some fountains.
    Level 5:
       A fountain.
    Level 6: <- You were here.
       A grave.
       Final resting place for
          you, killed by a rock piercer.
 The Gnomish Mines:
    Level 4:


Vanquished creatures:
  a housecat
  a yellow light
  a paper golem
  2 giant ants
  a kitten
  a giant bat
  a wererat
  a werejackal
  2 acid blobs
  2 coyotes
  2 gnomes
  a gnome zombie
  a gecko
  5 jackals
  2 foxes
  a kobold
  2 goblins
  a sewer rat
  4 grid bugs
  a bat
  2 lichens
  3 kobold zombies
  4 newts
42 creatures vanquished.

No species were genocided or became extinct.

Game over:
                       ----------
                      /          \
                     /    REST    \
                    /      IN      \
                   /     PEACE      \
                  /                  \
                  |    Drastanta     |
                  |      95 Au       |
                  | killed by a rock |
                  |     piercer      |
                  |                  |
                  |                  |
                  |       2026       |
                 *|     *  *  *      | *
        _________)/\\_//(\/(/\)/\//\/|_)_______

Goodbye Drastanta the Wizard...

You died in The Dungeons of Doom on dungeon level 6 with 954 points,
and 95 pieces of gold, after 2447 moves.
You were level 4 with a maximum of 24 hit points when you died.

